[ AOE2 MATCH · #506580876 ]
UnrankedPoles vs Tupi
Player's team · LOSS
Rival team · WIN
[ REPLAY ANALYSIS · EXTRACTED FROM THE RECORDED GAME ]
Feudal
8:25
Castle
—
Imperial
—
| APM avg | 87.9 |
| APM peak | 122 |
| eAPM avg | 31.9 |
| Villagers / military | 20 / 0 |
Focus
⚔️ 49.2% · 🌾 50.8%
Feudal
—
Castle
—
Imperial
—
| APM avg | 56.3 |
| APM peak | 71 |
| eAPM avg | 21.4 |
| Villagers / military | 41 / 0 |
Focus
⚔️ 21.2% · 🌾 78.8%
Match map
Initial resources + every placement click. Lines = walls · curves = elevation contours. ◆ gold · ⬟ stone · ● berries · ✦ relic · ◌ wall gap
Your base
TE MS MOE's base
Smoothed initial terrain · ◌ = detected wall gap · hover for details
Inputs per minute
— 14' screen laptop kboard & wifi - - TE MS MOE
Build order — 14' screen laptop kboard & wifi
31 actions detected in the replay
| 0:00 | Queue | Villager (Male) |
| 0:00 | Queue | Villager (Male) |
| 0:01 | Queue | Villager (Male) |
| 0:01 | Queue | Villager (Male) |
| 0:02 | Build | House |
| 0:03 | Build | House |
| 1:19 | Queue | Villager (Male) |
| 1:45 | Build | Mill |
| 1:48 | Queue | Villager (Male) |
| 2:11 | Queue | Villager (Male) |
| 2:29 | Queue | Villager (Male) |
| 3:03 | Queue | Villager (Male) |
| 3:39 | Queue | Villager (Male) |
| 3:52 | Queue | Villager (Male) |
| 4:00 | Queue | Villager (Male) |
| 4:12 | Queue | Villager (Male) |
| 4:22 | Queue | Villager (Male) |
| 4:50 | Build | Lumber Camp |
| 4:56 | Queue | Villager (Male) |
| 5:09 | Queue | Villager (Male) |
| 6:07 | Build | Palisade Wall |
| 6:13 | Research | Feudal Age |
| 7:02 | Queue | Villager (Male) |
| 7:54 | Build | Lumber Camp |
| 7:56 | Research | Loom |
| 8:25 | Age | Feudal Age |
| 8:34 | Build | Barracks |
| 8:40 | Queue | Villager (Male) |
| 9:01 | Queue | Villager (Male) |
| 9:28 | Queue | Villager (Male) |
| 9:51 | Build | Mining Camp |
Build order — TE MS MOE
52 actions detected in the replay
| 0:01 | Queue | Villager (Male) |
| 0:02 | Build | House |
| 0:03 | Build | House |
| 0:14 | Queue | Villager (Male) |
| 0:24 | Queue | Villager (Male) |
| 0:25 | Queue | Villager (Male) |
| 0:25 | Queue | Villager (Male) |
| 1:09 | Queue | Villager (Male) |
| 1:09 | Queue | Villager (Male) |
| 1:28 | Queue | Villager (Male) |
| 1:28 | Queue | Villager (Male) |
| 2:11 | Queue | Villager (Male) |
| 2:23 | Build | Settlement |
| 2:44 | Queue | Villager (Male) |
| 2:44 | Queue | Villager (Male) |
| 2:45 | Queue | Villager (Male) |
| 2:49 | Queue | Villager (Male) |
| 2:50 | Queue | Villager (Male) |
| 2:50 | Queue | Villager (Male) |
| 3:20 | Queue | Villager (Male) |
| 3:20 | Queue | Villager (Male) |
| 4:06 | Queue | Villager (Male) |
| 4:10 | Queue | Villager (Male) |
| 4:13 | Research | Loom |
| 4:14 | Research | Loom |
| 5:03 | Queue | Villager (Male) |
| 5:03 | Queue | Villager (Male) |
| 5:04 | Queue | Villager (Male) |
| 5:04 | Queue | Villager (Male) |
| 5:04 | Queue | Villager (Male) |
| 5:04 | Queue | Villager (Male) |
| 6:23 | Build | House |
| 6:49 | Build | Town Center |
| 6:55 | Build | Palisade Wall |
| 6:57 | Build | Palisade Wall |
| 6:59 | Build | Palisade Wall |
| 7:29 | Queue | Villager (Male) |
| 7:29 | Queue | Villager (Male) |
| 7:29 | Queue | Villager (Male) |
| 7:29 | Queue | Villager (Male) |
| 8:36 | Queue | Villager (Male) |
| 8:36 | Queue | Villager (Male) |
| 8:37 | Queue | Villager (Male) |
| 9:07 | Queue | Villager (Male) |
| 9:07 | Queue | Villager (Male) |
| 9:14 | Queue | Villager (Male) |
| 9:14 | Queue | Villager (Male) |
| 9:47 | Queue | Villager (Male) |
| 9:47 | Queue | Villager (Male) |
| 9:48 | Queue | Villager (Male) |
| 9:48 | Queue | Villager (Male) |
| 9:53 | Build | House |
Match timeline
| 6:07 | 14' screen laptop kboard & wifi · wall_segment Palisade Wall x1 |
| 6:55 | TE MS MOE · wall_segment Palisade Wall x1 |
| 6:57 | TE MS MOE · wall_segment Palisade Wall x1 |
| 6:59 | TE MS MOE · wall_segment Palisade Wall x1 |
| 8:25 | 14' screen laptop kboard & wifi · age_up feudal |
| 8:34 | 14' screen laptop kboard & wifi · first_building Barracks |
| 10:02 | 14' screen laptop kboard & wifi · resign |
[ AI ANALYSIS · 1 CREDIT ]
What really happened in this match?
Wolo.gg analyzes every decision: build order, eco, micro, common mistakes by bracket. Personalized analysis on WhatsApp or Discord in 30 seconds.
Civ guide
Poles
Perfil
Jugador #10802610